 Dungeon Crawl Stone Soup version 0.21.1-1-g345015fe64 (webtiles) character file.

16519 DwarfAlpaca the Eclecticist (level 12, -1/97 HPs)
             Began as a Mummy Earth Elementalist on May 4, 2018.
             Was an Initiate of Gozag.
             Slain by a killer bee (2 damage)
             ... on level 4 of the Lair of Beasts.
             The game lasted 01:11:57 (24289 turns).

DwarfAlpaca the Eclecticist (MuEE)                 Turns: 24289, Time: 01:11:58

Health: -1/97      AC:  4    Str: 11    XL:     12   Next: 10%
Magic:  19/40      EV:  2    Int: 19    God:    Gozag
Gold:   1231       SH:  0    Dex: 10    Spells: 16/42 levels left

rFire    . . .     SeeInvis .   m - +8 spear of the Vulture {vamp, rElec rC+ Dex-3}
rCold    + + .     Gourm    .   (no shield)
rNeg     + + +     Faith    .   c - +0 robe
rPois    ∞         Spirit   .   t - +0 helmet
rElec    +         Reflect  .   (no cloak)
rCorr    .         Harm     .   k - +0 pair of gloves
MR       +....                  (no boots)
Stlth    ++........             (no amulet)
HPRegen  0.26/turn              a - ring of magical power
MPRegen  0.27/turn              g - ring of protection from fire

@: petrified, very slightly contaminated
A: no food or potions, fire vulnerability, cold resistance 1, negative energy
resistance 3, torment resistance, unbreathing
a: Potion Petition, Call Merchant, Bribe Branch, Renounce Religion


You were on level 4 of the Lair of Beasts.
You worshipped Gozag.
Gozag was most pleased with you.
You were not hungry.

You visited 3 branches of the dungeon, and saw 14 of its levels.
You also visited: Ossuary.

You collected 2440 gold pieces.
You paid 1209 gold pieces to Gozag.

Inventory:

Hand Weapons
 m - the +8 spear of the Vulture (weapon) {vamp, rElec rC+ Dex-3}
   (You took it off a crimson imp on level 8 of the Dungeon)

   It inflicts no extra harm, but heals its wielder when it wounds a living foe.
   It affects your dexterity (-3).
   It protects you from cold.
   It insulates you from electricity.
Missiles
 b - 420 stones (quivered)
 s - 127 arrows
Armour
 c - a +0 robe (worn)
 k - a +0 pair of gloves (worn)
 t - a +0 helmet (worn)
Jewellery
 a - a ring of magical power (left hand)
 g - a ring of protection from fire (right hand)
 y - an uncursed ring of see invisible
Wands
 e - a wand of digging (10)
 f - a wand of polymorph (36)
 j - a wand of paralysis (25)
 r - a wand of disintegration (24)
 z - a wand of iceblast (11)
 C - a wand of acid (7)
Scrolls
 d - 3 scrolls of noise {unknown}
 h - 4 scrolls of teleportation
 i - a scroll of enchant armour
 l - 2 scrolls of blinking {unknown}
 n - a scroll of enchant weapon
 o - 7 scrolls of identify
 p - 2 scrolls of remove curse
 q - a scroll of magic mapping
 v - a scroll of immolation {unknown}
 x - a scroll of torment {unknown}
Books
 w - a book of the Tempests

   Spells                             Type                      Level
   a - Static Discharge               Conjuration/Air              3
   b - Lightning Bolt                 Conjuration/Air              5
   c - Ignition                       Fire                         8
   d - Tornado                        Air                          9
   e - Shatter                        Earth                        9
 B - a book of Minor Magic

   Spells                             Type                      Level
   a - Magic Dart                     Conjuration                  1
   b - Blink                          Translocation                2
   c - Call Imp                       Summoning                    2
   d - Slow                           Hexes                        2
   e - Conjure Flame                  Conjuration/Fire             3
   f - Mephitic Cloud                 Conjuration/Poison/Air       3
Miscellaneous
 u - a phial of floods
 A - a crystal ball of energy


   Skills:
 + Level 10.2 Fighting
 - Level 1.5 Dodging
 - Level 1.5 Stealth
 + Level 15.7 Spellcasting
 - Level 0.7 Transmutations
 + Level 9.0 Earth Magic


You had 16 spell levels left.
You knew the following spells:

 Your Spells              Type           Power        Failure   Level  Hunger
a - Sandblast             Erth           #####.       1%          1    N/A
b - Passwall              Tmut/Erth      ####......   1%          2    N/A
c - Stone Arrow           Conj/Erth      ####..       1%          3    N/A
d - Lee's Rapid Deconstr  Erth           #####.....   2%          5    N/A
e - Petrify               Tmut/Erth      ####....     5%          4    N/A
f - Sticks to Snakes      Tmut           ###.....     4%          2    N/A
g - Tukima's Dance        Hex            ##......     12%         3    N/A
h - Apportation           Tloc           ##....       4%          1    N/A
i - Blink                 Tloc           N/A          6%          2    N/A
j - Mephitic Cloud        Conj/Pois/Air  ##......     12%         3    N/A

Dungeon Overview and Level Annotations

Branches:
Dungeon (10/15)            Temple (1/1) D:5            Lair (2/6) D:8
  Swamp: Lair:2-4    Shoals: Lair:2-4     Snake: Lair:2-4    Spider: Lair:2-4
    Orc: D:9-12

Altars:
Ashenzari
Cheibriados
Dithmenos
Elyvilon
Fedhas
Gozag
Hepliaklqana
Kikubaaqudgha
Makhleb
Nemelex Xobeh
Okawaru
Qazlal
Ru
Sif Muna
Trog
Uskayaw
Vehumet
Wu Jian
Xom
Yredelemnul
Zin
The Shining One

Shops:
D:4 %   D:7 =   D:8 :   D:9 [

Annotations:
D:10 Snorg


Innate Abilities, Weirdness & Mutations

You do not eat or drink.
Your flesh is vulnerable to fire.
You are immune to poison.
Your flesh is cold resistant. (rC+)
You are immune to negative energy. (rN+++)
You are immune to unholy pain and torment.
You can survive without breathing.


Message History

The killer bee stings you but does no damage.
Your surroundings seem slightly different.
Found a yellow potion.
Found a stone staircase leading up.
The blink frog blinks!
The killer bee stings you.
* * * LOW HITPOINT WARNING * * *
The killer bee stings you.
* * * LOW HITPOINT WARNING * * *
The killer bee stings you but does no damage.
The killer bee stings you.
* * * LOW HITPOINT WARNING * * *
The crocodile bites you!!
* * * LOW HITPOINT WARNING * * *
The killer bee stings you!
* * * LOW HITPOINT WARNING * * *
The killer bee stings you.
* * * LOW HITPOINT WARNING * * *
The killer bee stings the fungus!
The killer bee stings you.
You die...
Your body crumbles into a pile of gold.

**,,,,,,,,,,,,*
*,*#....<..!.,**
**##.........,,*
#..........,,*
#..........,**
#..........,**
#..........#,*
#..........##* #P.@......<%#
#PyytH......# ##.yFS.......#
##..y..l....PP#
**####.##.......PP.#****
*,#..$$##..........#.#,*
*#.......#............,**
*#P.................F).,,**
#"...../...............,,,**


You could see a hippogriff, a spiny frog, a basilisk, a water moccasin, a
crocodile and 4 killer bees.

Vanquished Creatures
  Sonja (D:10)
  An unseen horror (D:10)
  2 black mambas (Lair:1)
  3 spiny frogs (Lair:2)
  A gargoyle (D:8)
  A kobold demonologist (D:8)
  2 trolls
  A hornet (D:9)
  5 blink frogs (Lair:2)
  A slime creature (D:8)
  4 hippogriffs
  A shadow (D:8)
  A wyvern (D:8)
  A basilisk (Lair:1)
  21 yaks
  Grum (D:10)
  A vampire mosquito (D:8)
  A hungry ghost (D:8)
  7 water moccasins
  3 orc warriors
  6 porcupines
  A sky beast (D:9)
  2 ice beasts
  6 ogres
  A phantom (D:10)
  The ghost of Thargor the Slasher, an amateur DsGl (D:3)
  4 wolves (D:9)
  4 crocodiles
  4 centaurs
  5 big kobolds
  5 bullfrogs
  2 scorpions
  A water moccasin skeleton (D:5)
  13 killer bees
  An oklob sapling (D:5)
  4 wights (D:6)
  4 howler monkeys
  5 crimson imps
  A bullfrog zombie (D:8)
  3 centaur zombies
  7 orc priests
  2 jellies
  13 orc wizards
  A gnoll shaman (D:8)
  2 hounds (D:9)
  2 human zombies (Ossuary)
  A bullfrog skeleton (D:8)
  4 centaur skeletons
  4 iguanas
  Ijyb (D:2)
  6 worker ants
  A hound zombie (D:10)
  A hound skeleton (D:8)
  4 mummies (Ossuary)
  7 gnolls
  A worker ant zombie (D:8)
  9 adders
  2 shadow imps
  3 oozes
  An adder zombie (D:9)
  4 adder skeletons
  3 worms
  A dart slug (D:3)
  3 leopard geckos
  29 orcs
  7 giant cockroaches
  2 gnoll zombies (Ossuary)
  8 goblins
  7 hobgoblins
  9 jackals
  6 quokkas
  2 ball pythons
  9 bats
  4 frilled lizards
  A jackal skeleton (D:4)
  A jackal zombie (D:7)
  19 kobolds
  2 kobold zombies (Ossuary)
  A quokka skeleton (D:8)
  2 quokka zombies
  10 rats
  A spectral orc (D:3)
  A plant (D:5)
336 creatures vanquished.

Vanquished Creatures (collateral kills)
  An orc (D:8)
1 creature vanquished.

Vanquished Creatures (others)
  8 plants (D:8)
8 creatures vanquished.

Grand Total: 345 creatures vanquished

Notes
Turn   | Place    | Note
-------+----------+-------------------------------------------
     0 | D:1      | DwarfAlpaca the Mummy Earth Elementalist began the quest for the Orb.
     0 | D:1      | Reached XP level 1. HP: 13/13 MP: 4/4
   289 | D:1      | Reached skill level 3 in Spellcasting
   516 | D:1      | Reached XP level 2. HP: 5/20 MP: 1/6
   577 | D:1      | Learned a level 2 spell: Passwall
  1325 | D:1      | Reached skill level 1 in Fighting
  1760 | D:1      | Reached XP level 3. HP: 18/26 MP: 8/8
  1931 | D:1      | Learned a level 3 spell: Stone Arrow
  2482 | D:2      | Reached skill level 4 in Spellcasting
  2482 | D:2      | Reached XP level 4. HP: 16/32 MP: 10/10
  3394 | D:3      | Noticed Ijyb
  3434 | D:3      | Noticed Thargor's ghost (amateur DsGl)
  4104 | D:2      | Killed Ijyb
  4104 | D:2      | Reached skill level 5 in Spellcasting
  4104 | D:2      | Reached XP level 5. HP: 20/38 MP: 1/12
  4281 | D:3      | Found a basalt altar of Yredelemnul.
  5450 | D:3      | Found an ancient bone altar of Kikubaaqudgha.
  5644 | D:4      | Found a radiant altar of Vehumet.
  5981 | D:4      | Noticed an ogre
  5992 | D:4      | Reached XP level 6. HP: 39/46 MP: 7/14
  6089 | D:4      | Reached skill level 6 in Spellcasting
  6189 | D:4      | Learned a level 5 spell: Lee's Rapid Deconstruction
  6193 | D:4      | Found a glowing silver altar of Zin.
  6200 | D:4      | Learned a level 4 spell: Petrify
  6302 | D:4      | Found Seduliur's Food Emporium.
  7156 | D:4      | Reached XP level 7. HP: 52/52 MP: 16/17
  7238 | D:4      | Reached skill level 7 in Spellcasting
  8055 | D:3      | Killed Thargor's ghost
  8338 | D:5      | Entered Level 5 of the Dungeon
  8356 | D:5      | Reached skill level 8 in Spellcasting
  8646 | D:5      | Reached XP level 8. HP: 61/61 MP: 19/20
  8834 | D:5      | Found a staircase to the Ecumenical Temple.
  9188 | Temple   | Entered the Ecumenical Temple
  9205 | Temple   | Became a worshipper of Gozag Ym Sagoz the Greedy
  9375 | D:6      | Found Subleoxu's General Store.
  9388 | D:6      | Reached skill level 9 in Spellcasting
  9393 | D:6      | Reached skill level 5 in Fighting
  9402 | D:6      | Found a sand-covered staircase.
  9409 | Ossuary  | Entered an ossuary
  9462 | Ossuary  | Reached skill level 5 in Earth Magic
 10432 | D:6      | Reached skill level 10 in Spellcasting
 10605 | D:6      | Reached XP level 9. HP: 44/69 MP: 7/23
 12408 | D:7      | Found a stormy altar of Qazlal.
 12448 | D:7      | Found Zodeaj's Jewellery Shop.
 12577 | D:7      | Learned a level 2 spell: Sticks to Snakes
 13387 | D:8      | Noticed a kobold demonologist
 13402 | D:8      | Reached skill level 11 in Spellcasting
 13725 | D:8      | Found a staircase to the Lair.
 13726 | D:8      | Noticed a komodo dragon
 13768 | D:8      | Killed a kobold demonologist
 14676 | D:8      | Noticed a gargoyle
 14683 | D:8      | Killed a gargoyle
 14683 | D:8      | Reached skill level 12 in Spellcasting
 14745 | D:8      | Reached XP level 10. HP: 77/79 MP: 11/26
 15374 | D:8      | Learned a level 3 spell: Tukima's Dance
 15376 | D:8      | Learned a level 1 spell: Apportation
 15551 | D:8      | Identified the +8 spear of the Vulture {vamp, rElec rC+ Dex-3} (You took it off a crimson imp on level 8 of the Dungeon)
 16273 | D:9      | Reached skill level 13 in Spellcasting
 16921 | D:9      | Found an ornate altar of the Wu Jian Council.
 17971 | D:9      | Noticed a yaktaur captain
 18036 | D:10     | Entered Level 10 of the Dungeon
 18072 | D:10     | Reached XP level 11. HP: 87/87 MP: 19/28
 18089 | D:9      | Reached skill level 14 in Spellcasting
 18268 | D:10     | Noticed Sonja
 18276 | D:10     | Killed Sonja
 18371 | D:10     | Killed an unseen horror
 18872 | D:10     | Noticed Grum
 19167 | D:10     | Noticed Snorg
 20109 | D:9      | Found Ikistum's Armour Shop.
 20321 | D:10     | Killed Grum
 20599 | D:10     | Noticed a two-headed ogre
 21012 | Lair:1   | Entered Level 1 of the Lair of Beasts
 21636 | Lair:1   | Reached skill level 15 in Spellcasting
 23617 | Lair:2   | Reached skill level 10 in Fighting
 23655 | Lair:2   | Reached XP level 12. HP: 97/97 MP: 22/31
 24136 | Lair:2   | Learned a level 2 spell: Blink
 24140 | Lair:2   | Learned a level 3 spell: Mephitic Cloud
 24241 | Lair:2   | You fall through a shaft for 2 floors!
 24245 | Lair:4   | Noticed a four-headed hydra
 24288 | Lair:4   | HP: 2/97 [killer bee (3)]
 24289 | Lair:4   | Slain by a killer bee

Skill      XL: |  1  2  3  4  5  6  7  8  9 10 11 12 |
---------------+-------------------------------------+-----
Spellcasting   | 3 4 5 6 8 10 12 13 15 | 15.7
Fighting       | 1 2 3 4 5 7 8 10 | 10.2
Earth Magic    | 3 4 5 6 7 8 9 |  9.0
Dodging        | |  1.5
Stealth        | |  1.5
Transmutations | |  0.7

Action                   |  1- 3 |  4- 6 |  7- 9 | 10-12 || total
-------------------------+-------+-------+-------+-------++-------
Melee: Dagger            |   122 |   131 |       |       ||   253
       Hand axe          |     5 |       |       |       ||     5
       Short sword       |       |       |   216 |    34 ||   250
       Spear             |       |       |       |   100 ||   100
 Cast: Sandblast         |    29 |    36 |    29 |    21 ||   115
       Stone Arrow       |       |    70 |   164 |   184 ||   418
       Lee's Rapid Decon |       |       |    21 |    72 ||    93
       Petrify           |       |       |    12 |     6 ||    18
       Sticks to Snakes  |       |       |     3 |    14 ||    17
       Blink             |       |       |       |     2 ||     2
Invok: Potion Petition   |       |       |       |     2 ||     2
       Call Merchant     |       |       |       |     1 ||     1
Evoke: Wand              |       |       |     1 |     1 ||     2
  Use: Scroll            |       |     2 |     2 |    15 ||    19
 Stab: Sleeping          |     1 |     2 |     2 |       ||     5
       Petrified         |       |       |     7 |       ||     7
       Distracted        |       |       |     2 |     1 ||     3
Armor: Robe              |    30 |    19 |    25 |    69 ||   143
Dodge: Dodged            |    92 |   133 |   126 |   196 ||   547
